 Dungeon Crawl Stone Soup version 0.21-b1-21-g86478ac (console) character file.

283314 vegansnacktivist the Severer (level 19, -13/171 HPs)
             Began as a Deep Dwarf Fighter on Jan 3, 2018.
             Was the Champion of Makhleb.
             Mangled by a deep troll shaman (22 damage)
             ... led by an ironheart preserver
             ... on level 1 of the Vaults on Jan 5, 2018.
             The game lasted 02:33:03 (29032 turns).

vegansnacktivist the Severer (Deep Dwarf Fighter)  Turns: 29032, Time: 02:33:04

Health: -13/171    AC: 23    Str: 31    XL:     19   Next: 75%
Magic:  17/17      EV: 19    Int: 10    God:    Makhleb [******]
Gold:   2549       SH:  0    Dex: 15    Spells: 18/18 levels left

rFire    . . .     SeeInvis .   c - +2 battleaxe (freeze)
rCold    . . .     Gourm    .   (shield currently unavailable)
rNeg     + + .     Faith    +   q - +2 chain mail {rN+}
rPois    +         Spirit   .   r - +2 hat
rElec    .         Reflect  .   (no cloak)
rCorr    .         Harm     .   (no gloves)
MR       ++...     Clarity  +   i - +2 pair of boots
Stlth    ..........             t - amulet of faith
HPRegen  0.00/turn              h - ring of poison resistance
MPRegen  0.15/turn              v - +5 ring of strength

@: non-regenerating
A: damage resistance, heal wounds, talons 1, icy blue scales 1, agile 1,
clarity, negative energy resistance 1, sense surroundings 3, no regeneration
}: 2/15 runes: decaying, serpentine
a: Heal Wounds, Minor Destruction, Lesser Servant of Makhleb, Major Destruction,
Greater Servant of Makhleb, Renounce Religion


You were on level 1 of the Vaults.
You worshipped Makhleb.
Makhleb was exalted by your worship.
You were not hungry.

You visited 7 branches of the dungeon, and saw 33 of its levels.
You also visited: Ice Cave.

You collected 3038 gold pieces.
You spent 489 gold pieces at shops.

Inventory:

Hand Weapons
 a - the +1 broad axe "Nisuen" {flame, rF+ rC++ Int+4}
   (You found it on level 10 of the Dungeon)

   It has been specially enchanted to burn those struck by it, causing extra
   injury to most foes and up to half again as much damage against particularly
   susceptible opponents.
   Big, fiery blades are also staple armaments of hydra-hunters.
   It affects your intelligence (+4).
   It protects you from fire.
   It greatly protects you from cold.
 c - a +2 battleaxe of freezing (weapon)
Armour
 i - a +2 pair of boots (worn)
 q - a +2 chain mail of positive energy (worn)
 r - a +2 hat (worn)
 T - +0 swamp dragon scales
Jewellery
 h - a ring of poison resistance (left hand)
 t - an amulet of faith (around neck)
 v - a +5 ring of strength (right hand)
 K - an uncursed ring of see invisible
 M - the amulet of the Four Winds {rN+ MR+++ Clar}
   (You found it on level 2 of the Swamp)

   [amulet of nothing]

   It protects you from negative energy.
   It affects your resistance to hostile enchantments.
   It protects you against confusion.
Wands
 b - a wand of random effects (48)
 g - a wand of enslavement (37)
 k - a wand of acid (12)
 n - a wand of polymorph (32)
 s - a wand of clouds (4)
 B - a wand of digging (7)
 D - a wand of iceblast (35)
 L - a wand of scattershot (2)
 N - a wand of flame (18)
 P - a wand of disintegration (59)
 Q - a wand of paralysis (22)
Scrolls
 l - 11 scrolls of remove curse
 o - 2 scrolls of fear
 p - a scroll of summoning
 u - a scroll of silence
 x - 4 scrolls of fog
 y - a scroll of identify
 A - 8 scrolls of magic mapping
 H - 8 scrolls of teleportation
 J - a scroll of blinking
Potions
 d - 2 potions of might
 j - 11 potions of curing
 m - a potion of cancellation
 w - 5 potions of heal wounds
 C - 5 potions of lignification
 R - 3 potions of resistance
 U - a potion of agility
 V - 4 potions of flight
 W - 2 potions of invisibility
 X - a potion of berserk rage
 Z - 2 potions of haste
Miscellaneous
 z - a lightning rod (4/4)
 F - 2 sacks of spiders
Comestibles
 f - 47 rations


   Skills:
 + Level 11.0 Fighting
 - Level 20.0 Axes
 - Level 15.0 Armour
 - Level 15.0 Dodging
   Level 3.2 Shields
 - Level 18.1 Invocations
 - Level 15.1 Evocations


You had 18 spell levels left.
You didn't know any spells.

Dungeon Overview and Level Annotations

Branches:
Dungeon (15/15)            Temple (1/1) D:5            Lair (6/6) D:8
  Swamp (4/4) Lair:2        Snake (4/4) Lair:4        Slime (0/5) Lair:5
    Orc (2/2) D:11            Elf (0/3) Orc:2        Vaults (1/5) D:14
 Depths (0/5) D:15

Altars:
Ashenzari
Cheibriados
Dithmenos
Elyvilon
Fedhas
Gozag
Hepliaklqana
Kikubaaqudgha
Makhleb
Nemelex Xobeh
Okawaru
Qazlal
Ru
Sif Muna
Trog
Uskayaw
Vehumet
Xom
Yredelemnul
Zin
The Shining One
Beogh

Shops:
D:6 }[**   D:7 =   D:8 ?   D:13 [   Orc:2 (:%%

Portals:
Pandemonium: Orc:2


Innate Abilities, Weirdness & Mutations

You are resistant to damage.
You can heal yourself by infusing magical energy.
You resist negative energy. (rN+)
You passively map a large area around you.
You do not regenerate.
You have sharp toenails.
You are partially covered in icy blue scales. (AC +2)
You are agile. (Dex +2)
You possess an exceptional clarity of mind.


Message History

The deep troll shaman is severely wounded.
You hit the deep troll. You freeze the deep troll. You hit the deep troll.
You freeze the deep troll. You slice the yaktaur!! You freeze the yaktaur!
You closely miss the vault warden. You closely miss the deep troll shaman.
The deep troll shaman bites you!
* * * LOW HITPOINT WARNING * * *
The deep troll shaman barely misses you.
The deep troll shaman claws you!
* * * LOW HITPOINT WARNING * * *
The deep troll bites you!
* * * LOW HITPOINT WARNING * * *
The deep troll claws you. The deep troll closely misses you.
The yaktaur hits you!
* * * LOW HITPOINT WARNING * * *
The deep troll barely misses you. The deep troll closely misses you.
The deep troll misses you.
The deep troll shaman calls upon its god to speed up the deep troll shaman.
The deep troll shaman seems to speed up.
The deep troll shaman bites you!!
You die...

* , * #......##......#*
#......##......#*, +,,,
#......##......# * ,
#......#* *, *
############+########## *
,...............).......,
* , ,,
.......c.......).......
*,>, ,
......Tpc.....)).......,
,,
.....cT@...............
,** ,
,......TT...............
, **
..######+############## *
, , , , , , ,, * , , , ,
,, , , ,,, , * , * , * *
, , *, , ,, , , * * , ,


You could see a vault warden, 2 deep trolls, 2 deep troll shamans and 3
yaktaurs.

Vanquished Creatures
  the Lernaean hydra (Swamp:4)
  3 thorn hunters
  Kirke (Swamp:2)
  The ghost of xfalz the Severer, an adept HOFi of Beogh (Swamp:2)
  8 nagarajas
  A frost giant (IceCv)
  A caustic shrike zombie (D:15)
  An orc warlord (Orc:2)
  An ironheart preserver (Vaults:1)
  A very ugly thing (Swamp:4)
  A yaktaur captain (Vaults:1)
  2 ogre magi
  Erolcha (D:11)
  12 hydras
  16 naga warriors
  A rakshasa (D:14)
  4 centaur warriors
  6 anacondas
  2 dancing weapons (D:14)
  16 alligators
  13 two-headed ogres
  3 orc high priests (Orc:2)
  6 naga sharpshooters
  4 shock serpents
  Sonja (D:11)
  3 salamander mystics
  A skeletal warrior (D:15)
  15 swamp dragons
  5 unseen horrors
  2 torturous demonspawn (Orc:2)
  2 spriggan druids
  A wizard (D:10)
  A deep troll (Vaults:1)
  A deep elf archer (D:15)
  8 naga ritualists
  A lindwurm (Lair:5)
  An infernal demonspawn (Orc:2)
  A shambling mangrove (Swamp:2)
  Pikel (D:8)
  6 orc knights
  A phantasmal warrior (D:15)
  22 ugly things
  9 orc sorcerers (Orc:2)
  6 cyclopes
  A necromancer (D:15)
  3 deep elf magi
  17 mana vipers
  8 salamanders
  5 elephants (Lair:6)
  A manticore (D:14)
  47 black mambas
  An eye of devastation (Lair:5)
  A fire giant skeleton (D:15)
  11 guardian serpents
  An ice statue (IceCv)
  2 torpor snails
  13 naga magi
  A gargoyle (D:14)
  13 spiny frogs
  2 rime drakes
  A freezing wraith (D:15)
  An efreet (D:13)
  An ice devil (Orc:2)
  7 komodo dragons
  A guardian mummy (D:15)
  The ghost of sanboga the Skirmisher, an amateur MiBe of Trog (D:4)
  2 red devils (Orc:2)
  A tengu conjurer (D:14)
  5 trolls
  21 polar bears
  12 blink frogs
  7 dream sheep
  9 hornets
  31 slime creatures
  8 tyrant leeches
  3 bog bodies
  15 hippogriffs
  15 spriggans
  A deep troll skeleton (D:15)
  A spriggan skeleton (D:15)
  61 yaks
  2 shadows
  8 hogs
  A human (D:13)
  10 wyverns
  Grum (Lair:1)
  4 hungry ghosts
  4 basilisks
  2 chaos spawn (Orc:2)
  A neqoxec (Orc:2)
  A steam dragon (D:14)
  8 wargs
  5 vampire mosquitoes
  68 nagas
  18 swamp worms
  6 insubstantial wisps
  6 water moccasins
  An acid dragon (D:15)
  A soldier ant (D:12)
  Duvessa (D:7)
  11 swamp drakes
  10 porcupines
  38 orc warriors
  5 ice beasts
  5 sky beasts
  2 black bears
  An eye of draining (Lair:5)
  The ghost of Hobbes the Ruffian, an amateur DrTm (D:3)
  A necrophage (D:10)
  43 wolves
  8 centaurs
  3 phantoms
  A boggart (Lair:6)
  36 ogres
  13 crocodiles
  3 big kobolds
  30 bullfrogs
  A wyvern zombie (D:13)
  A gnoll sergeant (D:6)
  Dowan (D:7)
  2 wyvern skeletons
  6 scorpions
  A water moccasin skeleton (D:6)
  14 killer bees
  10 wights
  2 electric eels
  6 howler monkeys
  A bullfrog zombie (D:10)
  4 centaur zombies
  A bullfrog skeleton (D:5)
  6 hounds
  A quasit (D:8)
  6 crimson imps
  6 jellies
  10 centaur skeletons
  24 orc priests
  34 orc wizards
  7 iguanas
  Terence (D:3)
  13 worker ants
  A hound zombie (D:7)
  4 worker ant zombies
  7 gnolls
  10 adders
  5 shadow imps
  12 white imps (D:13)
  2 oozes
  An adder zombie (D:6)
  3 worms
  9 leopard geckos
  105 orcs
  7 giant cockroaches
  6 goblins
  5 hobgoblins
  7 jackals
  12 kobolds
  5 quokkas
  A ball python (D:4)
  5 bats
  A frilled lizard (D:5)
  A leopard gecko skeleton (D:5)
  3 rats
  10 briar patches (Swamp:1)
  8 fungi
  10 plants
1282 creatures vanquished.

Vanquished Creatures (collateral kills)
  Bai Suzhen (Snake:3)
  Donald (Lair:4)
  A naga warrior (Snake:3)
  2 naga magi
  A naga (Snake:3)
6 creatures vanquished.

Vanquished Creatures (others)
  A nagaraja (Snake:4)
  An unseen horror (D:10)
  A mana viper (Snake:4)
  A salamander (Snake:3)
  An elephant (Lair:6)
  A water moccasin (Lair:5)
  A shadow imp (D:8)
  A briar patch (Swamp:1)
  10 fungi
  4 plants
22 creatures vanquished.

Grand Total: 1310 creatures vanquished

Notes
Turn   | Place    | Note
-------+----------+-------------------------------------------
     0 | D:1      | vegansnacktivist the Deep Dwarf Fighter began the quest for the Orb.
     0 | D:1      | Reached XP level 1. HP: 20/20 MP: 1/1
   167 | D:1      | Reached skill level 3 in Axes
   167 | D:1      | Reached XP level 2. HP: 18/27 MP: 2/2
   701 | D:2      | Reached XP level 3. HP: 14/33 MP: 3/3
   705 | D:2      | Reached skill level 4 in Axes
  1274 | D:2      | Found a burning altar of Makhleb.
  1274 | D:2      | Noticed a balrug
  1396 | D:2      | Noticed a neqoxec
  1396 | D:2      | Noticed an orange demon
  1398 | D:2      | Became a worshipper of Makhleb the Destroyer
  1444 | D:3      | Noticed Terence
  1454 | D:3      | HP: 1/33 [Terence/mace of holy wrath (4)]
  1456 | D:3      | Killed Terence
  1456 | D:3      | Reached skill level 5 in Axes
  1456 | D:3      | Reached XP level 4. HP: 20/40 MP: 4/4
  1475 | D:3      | Noticed Hobbes's ghost (amateur DrTm)
  1513 | D:3      | Killed Hobbes's ghost
  1513 | D:3      | Reached skill level 6 in Axes
  1513 | D:3      | Reached XP level 5. HP: 18/46 MP: 4/4
  1672 | D:3      | Found a glowing golden altar of the Shining One.
  2040 | D:4      | Noticed sanboga's ghost (amateur MiBe)
  2090 | D:4      | Noticed an ogre
  2099 | D:3      | Killed an ogre
  2099 | D:3      | Reached skill level 7 in Axes
  2099 | D:3      | Reached XP level 6. HP: 45/55 MP: 5/5
  2270 | D:4      | Killed sanboga's ghost
  2270 | D:4      | Reached skill level 8 in Axes
  2314 | D:4      | Reached XP level 7. HP: 45/61 MP: 6/6
  2380 | D:4      | Reached skill level 9 in Axes
  2436 | D:4      | Reached * piety under Makhleb
  2496 | D:4      | Found a sand-covered staircase.
  3174 | D:3      | Found a shimmering altar of Xom.
  3174 | D:3      | Found a stormy altar of Qazlal.
  3174 | D:3      | Found a sacrificial altar of Ru.
  3206 | D:5      | Entered Level 5 of the Dungeon
  3264 | D:5      | Found a staircase to the Ecumenical Temple.
  3278 | D:5      | Reached skill level 10 in Axes
  3299 | D:5      | Reached XP level 8. HP: 36/68 MP: 7/7
  3352 | Temple   | Entered the Ecumenical Temple
  3844 | D:5      | Reached skill level 11 in Axes
  3904 | D:5      | Reached ** piety under Makhleb
  4118 | D:6      | Found Plog's Antique Armour Shoppe.
  4132 | D:6      | Found Cezxac's Assorted Antiques.
  4140 | D:6      | Bought a scroll of identify for 58 gold pieces
  4140 | D:6      | Bought a scroll labeled WUPIME MULORO for 29 gold pieces
  4140 | D:6      | Bought a scroll labeled NIOPSI BYINADU QUL for 29 gold pieces
  4140 | D:6      | Bought a murky sapphire potion for 26 gold pieces
  4144 | D:6      | Identified a scroll of acquirement
  4145 | D:6      | Gained mutation: You are agile. (Dex +2) [potion of mutation]
  4145 | D:6      | Gained mutation: You have large cloven feet. [potion of mutation]
  4169 | D:6      | Reached skill level 12 in Axes
  4212 | D:6      | Gained mutation: You passively map the area around you. [Deep Dwarf growth]
  4212 | D:6      | Reached XP level 9. HP: 46/74 MP: 8/8
  4253 | D:6      | Reached *** piety under Makhleb
  4309 | D:6      | Found Kealem's Assorted Antiques.
  4312 | D:6      | Bought a scroll labeled ROSONIZYWA for 25 gold pieces
  4312 | D:6      | Bought a scroll labeled YFOALI ZINKE for 25 gold pieces
  4312 | D:6      | Bought a scroll labeled NIOPSI BYINADU QUL for 25 gold pieces
  4376 | D:6      | Reached skill level 13 in Axes
  4443 | D:6      | Found Kioss's Gadget Shoppe.
  4614 | D:7      | Found Xeneuh Nogoa's Jewellery Emporium.
  4914 | D:7      | Noticed Dowan
  4915 | D:7      | Noticed Duvessa
  4926 | D:7      | Killed Duvessa
  4926 | D:7      | Reached skill level 14 in Axes
  4931 | D:7      | Killed Dowan
  5322 | D:8      | Reached **** piety under Makhleb
  5383 | D:8      | Noticed a two-headed ogre
  5419 | D:8      | Found a staircase to the Lair.
  5423 | D:8      | Reached skill level 15 in Axes
  5423 | D:8      | Reached XP level 10. HP: 59/81 MP: 9/9
  5518 | D:8      | Found a white marble altar of Elyvilon.
  5521 | D:8      | Found a bloodstained altar of Trog.
  5524 | D:8      | Found a burning altar of Makhleb.
  5542 | D:8      | Found a snail-covered altar of Cheibriados.
  5591 | D:8      | Noticed Pikel
  5644 | D:8      | Killed Pikel
  5722 | D:8      | Found Zacom's Magic Scroll Emporium.
  5729 | D:8      | Bought a scroll of fear for 45 gold pieces
  6317 | D:9      | Reached skill level 16 in Axes
  6612 | D:9      | Reached skill level 5 in Fighting
  6716 | D:9      | Killed a two-headed ogre
  6844 | D:9      | Reached XP level 11. HP: 46/99 MP: 10/10
  7146 | D:10     | Entered Level 10 of the Dungeon
  7186 | D:10     | Found a runed door.
  7283 | D:10     | Reached ***** piety under Makhleb
  7367 | D:10     | Reached skill level 5 in Invocations
  7490 | D:10     | Noticed a two-headed ogre
  7506 | D:10     | Killed a two-headed ogre
  7520 | D:10     | Killed an unseen horror
  7521 | D:10     | Noticed a wizard
  7529 | D:10     | Killed an unseen horror
  7532 | D:10     | Killed a wizard
  7562 | D:10     | Found a runed door.
  7569 | D:10     | Noticed a centaur warrior
  7570 | D:10     | Found a runed door.
  7638 | D:10     | Reached skill level 10 in Invocations
  7686 | D:10     | Reached skill level 1 in Evocations
  8192 | D:10     | Got a smoking broad axe
  8193 | D:10     | Identified the cursed +1 broad axe "Nisuen" {flame, rF+ rC++ Int+4} (You found it on level 10 of the Dungeon)
  8268 | Lair:1   | Entered Level 1 of the Lair of Beasts
  8364 | Lair:1   | Reached skill level 5 in Evocations
  8451 | Lair:1   | Reached XP level 12. HP: 59/109 MP: 18/18
  8600 | Lair:1   | Noticed Grum
  8606 | Lair:1   | Killed Grum
  8663 | Lair:1   | Reached skill level 5 in Armour
  9103 | Lair:2   | Found a staircase to the Swamp.
  9216 | Lair:2   | Noticed an eight-headed hydra
  9222 | Lair:2   | Killed an eight-headed hydra
  9222 | Lair:2   | Reached ****** piety under Makhleb
  9407 | Lair:2   | Noticed a six-headed hydra
  9419 | Lair:2   | Killed a one-headed hydra
  9921 | Lair:2   | Reached skill level 10 in Armour
 10656 | Lair:4   | Found a staircase to the Snake Pit.
 10859 | Lair:4   | Reached XP level 13. HP: 91/115 MP: 19/19
 11682 | Lair:5   | Found a staircase to the Slime Pits.
 12355 | Lair:6   | Entered Level 6 of the Lair of Beasts
 13466 | Lair:5   | Got an ebony morningstar
 13639 | Lair:1   | Identified the +6 morningstar of the Inquisitive Lies {venom, Dex+3} (You found it on level 5 of the Lair of Beasts)
 14007 | D:11     | Gained mutation: You resist negative energy. (rN+) [Deep Dwarf growth]
 14007 | D:11     | Reached XP level 14. HP: 56/123 MP: 21/21
 14012 | D:11     | Noticed Erolcha
 14017 | D:11     | Killed Erolcha
 14167 | D:11     | Found a staircase to the Orcish Mines.
 14185 | D:11     | Found a roughly hewn altar of Beogh.
 14214 | D:11     | Noticed Sonja
 14226 | D:11     | Killed Sonja
 14226 | D:11     | Reached skill level 1 in Dodging
 15078 | D:13     | Found Eddusum's Armour Shoppe.
 15155 | D:13     | Reached skill level 5 in Dodging
 15166 | D:13     | Found a frozen archway.
 15263 | D:13     | Reached XP level 15. HP: 98/129 MP: 22/22
 15264 | D:13     | Reached skill level 17 in Axes
 15264 | D:13     | Reached XP level 16. HP: 105/138 MP: 23/23
 15279 | D:13     | Found a shadowy altar of Dithmenos.
 15385 | IceCv    | Entered an ice cave
 15708 | IceCv    | Reached skill level 10 in Dodging
 16327 | D:13     | Found an opulent altar of Gozag.
 17011 | D:14     | Found a gate to the Vaults.
 17308 | D:15     | Entered Level 15 of the Dungeon
 17323 | D:15     | Found a radiant altar of Vehumet.
 17503 | D:15     | Found a staircase to the Depths.
 17725 | D:15     | Reached XP level 17. HP: 126/144 MP: 22/22
 17957 | D:15     | Reached skill level 15 in Dodging
 18490 | Snake:1  | Entered Level 1 of the Snake Pit
 18491 | Snake:1  | Noticed Donald
 18508 | Lair:4   | Killed Donald
 18695 | Snake:1  | Reached skill level 15 in Armour
 19407 | Snake:2  | Reached skill level 18 in Axes
 19910 | Snake:3  | Reached skill level 19 in Axes
 19918 | Snake:3  | Noticed Bai Suzhen
 20258 | Snake:3  | Killed Bai Suzhen
 20789 | Snake:4  | Entered Level 4 of the Snake Pit
 21002 | Snake:4  | Reached skill level 20 in Axes
 21017 | Snake:4  | Gained mutation: You passively map a large area around you. [Deep Dwarf growth]
 21017 | Snake:4  | Reached XP level 18. HP: 132/152 MP: 21/21
 21191 | Snake:4  | Found a basalt altar of Yredelemnul.
 21358 | Snake:4  | Reached skill level 15 in Invocations
 21873 | Snake:4  | Got a serpentine rune of Zot
 22220 | Lair:1   | Lost mutation: You are agile. (Dex +2) [potion of mutation]
 22220 | Lair:1   | Lost mutation: You have large cloven feet. [potion of mutation]
 22220 | Lair:1   | Gained mutation: You possess an exceptional clarity of mind. [potion of mutation]
 22220 | Lair:1   | Gained mutation: You are partially covered in icy blue scales. (AC +2) [potion of mutation]
 22221 | Lair:1   | Lost mutation: You possess an exceptional clarity of mind. [potion of mutation]
 22221 | Lair:1   | Lost mutation: You are partially covered in icy blue scales. (AC +2) [potion of mutation]
 22221 | Lair:1   | Gained mutation: You are dopey. (Int -2) [potion of mutation]
 22221 | Lair:1   | Gained mutation: You are somewhat resistant to further mutation. [potion of mutation]
 22222 | Lair:1   | Lost mutation: You are dopey. (Int -2) [potion of mutation]
 22222 | Lair:1   | Lost mutation: You are somewhat resistant to further mutation. [potion of mutation]
 22222 | Lair:1   | Gained mutation: You are agile. (Dex +2) [potion of mutation]
 22222 | Lair:1   | Gained mutation: You are partially covered in icy blue scales. (AC +2) [potion of mutation]
 22222 | Lair:1   | Gained mutation: You possess an exceptional clarity of mind. [potion of mutation]
 22222 | Lair:1   | Gained mutation: You have sharp toenails. [potion of mutation]
 22425 | Snake:4  | Got a scorched scale mail
 22716 | D:6      | Bought a triangular brass amulet for 125 gold pieces
 22716 | D:6      | Bought a scroll of identify for 50 gold pieces
 22784 | D:8      | Bought a scroll of identify for 26 gold pieces
 22784 | D:8      | Bought a scroll of identify for 26 gold pieces
 22784 | D:8      | Identified the cursed +1 scale mail of Divine Compulsion {*Contam rF+ Str+5} (You found it on level 4 of the Snake Pit)
 22828 | Lair:1   | Upgraded the game from 0.21-b1-15-gfba53cd to 0.21-b1-21-g86478ac
 23015 | Orc:1    | Entered Level 1 of the Orcish Mines
 23566 | Orc:1    | Reached skill level 10 in Evocations
 23749 | Orc:1    | Found a roughly hewn altar of Beogh.
 24019 | Orc:2    | Entered Level 2 of the Orcish Mines
 24140 | Orc:2    | Found a staircase to the Elven Halls.
 24212 | Orc:2    | Found Cuitzedy's Food Shoppe.
 24218 | Orc:2    | Found Ebla's Food Emporium.
 24473 | Orc:2    | Found Toigibb's Book Shop.
 24473 | Orc:2    | Found a one-way gate leading to the halls of Pandemonium.
 24473 | Orc:2    | Found Tudag's Antique Weapon Boutique.
 25129 | Swamp:1  | Entered Level 1 of the Swamp
 25171 | Swamp:1  | Reached XP level 19. HP: 158/158 MP: 21/21
 25934 | Swamp:2  | Noticed xfalz's ghost (adept HOFi)
 25954 | Swamp:2  | Killed xfalz's ghost
 26183 | Swamp:2  | Noticed Kirke
 26195 | Swamp:2  | Reached skill level 15 in Evocations
 26204 | Swamp:2  | Killed Kirke
 26214 | Swamp:2  | Found the amulet of the Four Winds {rN+ MR+++ Clar}
 27421 | Swamp:4  | Entered Level 4 of the Swamp
 27995 | Swamp:4  | Noticed the 27-headed Lernaean hydra
 28074 | Swamp:4  | Reached skill level 10 in Fighting
 28355 | Swamp:4  | Killed the 14-headed Lernaean hydra
 28498 | Swamp:4  | Got a decaying rune of Zot
 28938 | Vaults:1 | Entered Level 1 of the Vaults
 29032 | Vaults:1 | Mangled by a deep troll shaman

Skill      XL: |  1  2  3  4  5  6  7  8  9 10 11 12 13 14 15 16 17 18 19 |
---------------+----------------------------------------------------------+-----
Axes           | 3 5 6 7 8 10 12 15 16 17 20 | 20.0
Fighting       | 6 7 11 | 11.0
Invocations    | 10 13 14 18 | 18.1
Evocations     | 7 8 13 15 | 15.1
Armour         | 11 14 15 | 15.0
Dodging        | 9 14 15 | 15.0
Shields        | |  3.2

Action                   |  1- 3 |  4- 6 |  7- 9 | 10-12 | 13-15 | 16-18 | 19-21 || total
-------------------------+-------+-------+-------+-------+-------+-------+-------++-------
Melee: War axe           |   133 |    32 |   392 |   374 |       |       |       ||   931
       Mace              |       |    41 |    52 |       |       |       |       ||    93
       Broad axe         |       |       |       |   274 |   657 |   712 |   389 ||  2032
       Battleaxe         |       |       |       |       |       |  1283 |   323 ||  1606
Throw: Javelin           |    11 |    22 |    17 |    37 |     9 |     2 |       ||    98
Invok: Greater Servant o |       |       |       |       |       |     6 |     1 ||     7
       Lesser Servant of |       |       |       |       |       |     1 |       ||     1
 Abil: Heal Wounds       |     1 |     4 |     3 |     8 |    11 |    29 |     9 ||    65
Evoke: Wand              |       |       |       |    33 |    10 |    11 |     8 ||    62
       Lightning rod     |       |       |       |       |    11 |    16 |     4 ||    31
       Phantom mirror    |       |       |       |       |       |     1 |       ||     1
       Sack of spiders   |       |       |       |       |       |     2 |       ||     2
  Use: Scroll            |       |     5 |     5 |    11 |    10 |    14 |     7 ||    52
       Potion            |       |       |     1 |     1 |     3 |     7 |     1 ||    13
 Stab: Distracted        |       |       |       |       |       |     1 |     2 ||     3
       Paralysed         |       |       |       |       |       |     2 |       ||     2
  Eat: Chunk             |     1 |     3 |    11 |    20 |    14 |    20 |    11 ||    80
       Ration            |       |       |     3 |       |     1 |     4 |     1 ||     9
Armor: Scale mail        |    59 |    24 |   132 |   235 |   323 |   203 |       ||   976
       Skin              |       |       |       |    14 |       |       |       ||    14
       Chain mail        |       |       |       |       |       |   429 |   425 ||   854
Dodge: Dodged            |    48 |    15 |    86 |   164 |   206 |  1373 |   603 ||  2495
Block: Shield            |    86 |    34 |   196 |   274 |   415 |   295 |       ||  1300
